 Dungeon Crawl Stone Soup version 0.30-a0-879-ga8ba668304 (webtiles) character file.

Game seed: 17452991181605925308

3581 retardedninja the Blocker (level 10, -3/82 HPs)
             Began as a Gnoll Fighter on Mar 13, 2023.
             Was an Initiate of Gozag.
             Killed from afar by Erica (16 damage)
             ... with a lance of force
             ... on level 8 of the Dungeon.
             The game lasted 00:10:20 (8648 turns).

retardedninja the Blocker (Gnoll Fighter)           Turns: 8648, Time: 00:10:21

Health: -3/82      AC: 26    Str: 19    XL:     10   Next: 10%
Magic:  15/15      EV:  4    Int:  7    God:    Gozag
Gold:   937        SH: 15    Dex: 13    Spells: 19/19 levels left

rFire   . . .      SeeInvis .    a - +0 war axe
rCold   . . .      Faith    .    w - +0 tower shield
rNeg    . . .      Spirit   .    v - +2 plate armour
rPois   +          Reflect  .    (helmet restricted)
rElec   .          Rampage  .    u - +2 cloak
rCorr   .                        (no gloves)
Will    .....                    r - +0 pair of boots Stlth
                                 (no amulet)
HPRegen 0.33/turn                d - +4 ring of protection
MPRegen 0.14/turn                q - ring of poison resistance

@: slowed, very slow
A: fangs 1, strong nose, distributed training, horns 1, iridescent scales 1,
deterioration 1, low MP 1, sense surroundings 1
a: Renounce Religion, Potion Petition, Call Merchant, Bribe Branch


You were on level 8 of the Dungeon.
You worshipped Gozag.
Gozag was pleased with you.
You visited 2 branches of the dungeon, and saw 9 of its levels.

You collected 1012 gold pieces.
You paid 75 gold pieces to Gozag.

Inventory:

Hand Weapons
 a - a +0 war axe (weapon)
Missiles
 b - a throwing net (quivered)
Armour
 c - a +0 helmet
 r - a +0 pair of boots (worn)
 u - a +2 cloak (worn)
 v - a +2 plate armour (worn)
 w - a +0 tower shield (worn)
Jewellery
 d - a +4 ring of protection (left hand)
 q - a ring of poison resistance (right hand)
Wands
 o - a wand of paralysis (18)
Scrolls
 e - a scroll of amnesia
 g - 2 scrolls of identify
 h - a scroll of vulnerability
 i - a scroll of fog
 k - a scroll of teleportation {unknown}
 n - a scroll of immolation
 p - 2 scrolls of blinking
 s - a scroll of torment {unknown}
 t - a scroll of magic mapping
 x - a scroll of fear {unknown}
Potions
 f - a potion of flight
 j - a potion of brilliance
 l - a potion of lignification {unknown}
 m - a potion of ambrosia
 z - a potion of magic {unknown}


   Skills:
 + Level 8.4 Fighting
 + Level 5.1 Short Blades
 + Level 5.1 Long Blades
 + Level 7.0 Axes
 + Level 5.1 Maces & Flails
 + Level 5.1 Polearms
 + Level 5.1 Staves
 + Level 5.1 Ranged Weapons
 + Level 5.1 Throwing
 + Level 8.4 Armour
 + Level 5.1 Dodging
 + Level 5.1 Stealth
 + Level 8.4 Shields
 + Level 5.1 Unarmed Combat
 + Level 5.1 Spellcasting
 + Level 4.2 Conjurations
 + Level 4.2 Hexes
 + Level 4.2 Summonings
 + Level 4.2 Necromancy
 + Level 4.2 Translocations
 + Level 4.2 Transmutations
 + Level 4.2 Fire Magic
 + Level 4.2 Ice Magic
 + Level 4.2 Air Magic
 + Level 4.2 Earth Magic
 + Level 4.2 Poison Magic
 + Level 5.6 Invocations
 + Level 5.1 Evocations


You had 19 spell levels left.
You didn't know any spells.
Your spell library contained the following spells:

 Spells                   Type           Power      Damage    Failure   Level
 Apportation              Tloc           14%        N/A       100%        1
 Necrotise                Necr           28%        1d5       100%        1
 Shock                    Conj/Air       28%        1d4       100%        1
 Summon Small Mammal      Summ           28%        N/A       100%        1
 Swiftness                Air            7%         N/A       100%        3
 Airstrike                Air            3%         2d(1-17)  100%        4


Dungeon Overview and Level Annotations

Branches:
Dungeon (8/15)             Temple (1/1) D:5
   Lair: D:8-11

Altars:
Cheibriados
Dithmenos
Elyvilon
Fedhas
Gozag
Hepliaklqana
Kikubaaqudgha
Makhleb
Okawaru
Qazlal
Ru
Sif Muna
Trog
Uskayaw
Vehumet
Wu Jian
Xom
Yredelemnul
Zin
The Shining One

Shops:
D:2 :

Annotations:
D:8 Erica


Innate Abilities, Weirdness & Mutations

You have very sharp teeth.
Your uncanny sense of smell can sniff out nearby items.
Your experience applies equally to all skills.
You have a pair of small horns on your head.
You are partially covered in iridescent scales. (AC +2)
Your body sometimes deteriorates upon taking damage.
Your magical capacity is low. (-10% MP)
You passively map a small area around you.


Message History

You hear some strange, mumbled words.
A lance of force appears from out of thin air!
The lance of force hits you.
* * * LOW HITPOINT WARNING * * *
You are knocked back by the lance of force.
You slam into the rock wall!
* * * LOW HITPOINT WARNING * * *
You bump into the rock wall.
Unknown command.
You slash something!
You feel less invigorated.
You feel less confused.
Something hits you but does no damage. x2
You completely miss something. Your headbutt misses something.
Something hits you.
* * * LOW HITPOINT WARNING * * *
Something burns you.
* * * LOW HITPOINT WARNING * * *
Something hits you but does no damage. Something hits you.
* * * LOW HITPOINT WARNING * * *
Something burns you.
* * * LOW HITPOINT WARNING * * *
You completely miss something. You bite something.
You hear some strange, mumbled words.
A bolt of poison appears from out of thin air!
The bolt of poison hits you but does no damage.
You resist.
You hear some strange, mumbled words.
A bolt of poison appears from out of thin air!
The bolt of poison hits you but does no damage.
You resist.
You closely miss something. You bite something.
Erica appears from thin air!
Reactivating autopickup.
Erica hits you with a +4 scimitar of flaming.
* * * LOW HITPOINT WARNING * * *
Erica burns you.
* * * LOW HITPOINT WARNING * * *
Erica gestures at you while chanting. The lance of force hits you!
You die...
Your body crumbles into a pile of gold.

, ##....####### *
#.... #...###
##....# #...#
###.....## #...#
.........## #...##
, , ..........#
##...## ,,
,,.....^>..#
##...# #......#
###.## #...@@#
##.### # ##....#
##..#### #...##
##....) ##..#
###.)# ##...# ####
####....## **
#........#
..........### , *
####........######
##


You could see Erica.

Vanquished Creatures
  2 wyverns (D:8)
  A human (D:7)
  An orc warrior (D:6)
  2 ice beasts
  2 black bears
  3 ogres
  A phantom (D:6)
  Blork the orc (D:5)
  A bullfrog (D:7)
  A gnoll sergeant (D:6)
  4 scorpions
  10 wights (D:8)
  11 killer bees
  3 howler monkeys
  An orc priest (D:6)
  3 gnoll boudas
  2 hounds (D:7)
  4 jellies
  3 sleepcaps
  A human skeleton (D:7)
  2 iguanas
  3 orc wizards
  15 gnolls
  7 adders
  A white imp (D:8)
  2 worms
  4 dart slugs
  23 orcs
  3 ball pythons
  An endoplasm (D:2)
  4 giant cockroaches
  10 goblins
  5 hobgoblins
  7 quokkas
  4 bats
  6 frilled lizards
  2 jackal zombies (D:7)
  7 kobolds
  5 rats
168 creatures vanquished.

Vanquished Creatures (others)
  7 fungi (D:5)
7 creatures vanquished.

Grand Total: 175 creatures vanquished

Notes
Turn   | Place    | Note
-------+----------+-------------------------------------------
     0 | D:1      | retardedninja the Gnoll Fighter began the quest for the
                  | Orb.
     0 | D:1      | Reached XP level 1. HP: 23/23 MP: 1/1
   243 | D:1      | Reached XP level 2. HP: 29/29 MP: 2/2
  1186 | D:2      | Found Tysunan's Book Emporium.
  1235 | D:2      | Reached XP level 3. HP: 33/35 MP: 3/3
  1475 | D:2      | Reached skill level 1 in Invocations
  1655 | D:2      | Reached skill level 1 in Short Blades
  1655 | D:2      | Reached skill level 1 in Long Blades
  1655 | D:2      | Reached skill level 1 in Maces & Flails
  1655 | D:2      | Reached skill level 1 in Polearms
  1655 | D:2      | Reached skill level 1 in Staves
  1655 | D:2      | Reached skill level 1 in Ranged Weapons
  1655 | D:2      | Reached skill level 1 in Throwing
  1655 | D:2      | Reached skill level 1 in Dodging
  1655 | D:2      | Reached skill level 1 in Stealth
  1655 | D:2      | Reached skill level 1 in Unarmed Combat
  1655 | D:2      | Reached skill level 1 in Spellcasting
  1655 | D:2      | Reached skill level 1 in Evocations
  1931 | D:3      | Reached XP level 4. HP: 31/41 MP: 5/5
  2060 | D:3      | Reached skill level 1 in Conjurations
  2060 | D:3      | Reached skill level 1 in Hexes
  2060 | D:3      | Reached skill level 1 in Summonings
  2060 | D:3      | Reached skill level 1 in Necromancy
  2060 | D:3      | Reached skill level 1 in Translocations
  2060 | D:3      | Reached skill level 1 in Transmutations
  2060 | D:3      | Reached skill level 1 in Fire Magic
  2060 | D:3      | Reached skill level 1 in Ice Magic
  2060 | D:3      | Reached skill level 1 in Air Magic
  2060 | D:3      | Reached skill level 1 in Earth Magic
  2060 | D:3      | Reached skill level 1 in Poison Magic
  2443 | D:4      | Reached XP level 5. HP: 47/47 MP: 7/7
  2580 | D:4      | HP: 1/47 [acid (7)]
  3196 | D:4      | Noticed an ogre
  3198 | D:5      | Entered Level 5 of the Dungeon
  3209 | D:4      | Killed an ogre
  3210 | D:4      | Reached skill level 5 in Axes
  3210 | D:4      | Reached XP level 6. HP: 53/53 MP: 7/9
  3375 | D:5      | Reached XP level 7. HP: 35/60 MP: 10/10
  3837 | D:5      | Found a shadowy altar of Dithmenos.
  3873 | D:5      | Found a staircase to the Ecumenical Temple.
  3951 | Temple   | Entered the Ecumenical Temple
  3979 | Temple   | Became a worshipper of Gozag Ym Sagoz the Greedy
  4218 | D:5      | Noticed Blork the orc
  4231 | D:5      | Gained mutation: You passively map a small area around you.
                  | [potion of mutation]
  4231 | D:5      | Gained mutation: You have hidden genetic defects. [potion
                  | of mutation]
  4231 | D:5      | Gained mutation: You have a pair of small horns on your
                  | head. [potion of mutation]
  4231 | D:5      | Gained mutation: You are partially covered in iridescent
                  | scales. (AC +2) [potion of mutation]
  4247 | D:5      | Killed Blork the orc
  4256 | D:5      | Gained mutation: Your body sometimes deteriorates upon
                  | taking damage. [hidden defects]
  4274 | D:5      | Reached XP level 8. HP: 39/67 MP: 12/12
  4285 | D:5      | Gained mutation: Your magical capacity is low. (-10% MP)
                  | [hidden defects]
  4285 | D:5      | Lost mutation: You have hidden genetic defects. [hidden
                  | defects expressed]
  4571 | D:5      | Found a shimmering altar of Xom.
  5719 | D:6      | Reached XP level 9. HP: 60/73 MP: 13/13
  6865 | D:7      | Found a burning altar of Makhleb.
  6867 | D:7      | Found a snail-covered altar of Cheibriados.
  7007 | D:7      | Found a runed translucent door.
  7092 | D:7      | Found a basalt altar of Yredelemnul.
  7514 | D:8      | Reached skill level 5 in Invocations
  8151 | D:8      | Reached skill level 5 in Short Blades
  8151 | D:8      | Reached skill level 5 in Long Blades
  8151 | D:8      | Reached skill level 5 in Maces & Flails
  8151 | D:8      | Reached skill level 5 in Polearms
  8151 | D:8      | Reached skill level 5 in Staves
  8151 | D:8      | Reached skill level 5 in Ranged Weapons
  8151 | D:8      | Reached skill level 5 in Throwing
  8151 | D:8      | Reached skill level 5 in Dodging
  8151 | D:8      | Reached skill level 5 in Stealth
  8151 | D:8      | Reached skill level 5 in Unarmed Combat
  8151 | D:8      | Reached skill level 5 in Spellcasting
  8151 | D:8      | Reached skill level 5 in Evocations
  8151 | D:8      | Reached XP level 10. HP: 52/80 MP: 15/15
  8337 | D:8      | Identified the +8 dagger of Vanity {venom, rElec SInv}
  8623 | D:8      | Noticed Erica
  8648 | D:8      | Killed from afar by Erica

Illustrated notes

Levels and vault maps discovered:
D:1:      amcnicky_arrival_wind_blow, layout_basic
D:2:      layout_basic, serial_shops, shop, minmay_box_of_dots
D:3:      layout_rooms
D:4:      layout_rooms
D:5:      layout_gridville, mainiacjoe_overflow_cross_hatched,
          minmay_temple_entry_nine_rooms, minmay_ruined_shrine,
          uniq_blork_the_orc
D:6:      layout_rooms, kennysheep_potato
D:7:      layout_basic, nicolae_overflow_hidden_temple, dk_yredelemnul_ordeal
D:8:      layout_layer_cave, uniq_erica
Temple:   kb_temple_of_zot

Skill      XL: |  1  2  3  4  5  6  7  8  9 10 |
---------------+-------------------------------+-----
Invocations    | 1 2 3 4 5 |  5.6
Short Blades   | 1 2 3 5 |  5.1
Long Blades    | 1 2 3 5 |  5.1
Maces & Flails | 1 2 3 5 |  5.1
Polearms       | 1 2 3 5 |  5.1
Staves         | 1 2 3 5 |  5.1
Ranged Weapons | 1 2 3 5 |  5.1
Throwing       | 1 2 3 5 |  5.1
Dodging        | 1 2 3 5 |  5.1
Stealth        | 1 2 3 5 |  5.1
Unarmed Combat | 1 2 3 5 |  5.1
Spellcasting   | 1 2 3 5 |  5.1
Evocations     | 1 2 3 5 |  5.1
Conjurations   | 1 2 3 4 |  4.2
Hexes          | 1 2 3 4 |  4.2
Summonings     | 1 2 3 4 |  4.2
Necromancy     | 1 2 3 4 |  4.2
Translocations | 1 2 3 4 |  4.2
Transmutations | 1 2 3 4 |  4.2
Fire Magic     | 1 2 3 4 |  4.2
Ice Magic      | 1 2 3 4 |  4.2
Air Magic      | 1 2 3 4 |  4.2
Earth Magic    | 1 2 3 4 |  4.2
Poison Magic   | 1 2 3 4 |  4.2
Axes           | 5 6 7 |  7.0
Fighting       | 7 8 |  8.4
Armour         | 7 8 |  8.4
Shields        | 7 8 |  8.4

Action                     |  1- 3 |  4- 6 |  7- 9 | 10-12 || total
---------------------------+-------+-------+-------+-------++-------
  Melee: War axe           |   108 |   164 |   347 |    45 ||   664
         Bite              |     8 |    17 |    37 |     6 ||    68
         Headbutt          |       |       |    71 |     5 ||    76
  Evoke: Wand              |       |     3 |     2 |       ||     5
    Use: Potion            |       |     2 |     5 |     2 ||     9
         Scroll            |       |       |    13 |       ||    13
   Stab: Paralysed         |       |     8 |       |       ||     8
         Distracted        |       |       |     2 |       ||     2
 Armour: Scale mail        |    43 |    66 |       |       ||   109
         Plate armour      |       |    30 |   304 |    37 ||   371
  Dodge: Dodged            |    47 |    66 |    65 |     8 ||   186
  Block: Buckler           |    39 |    31 |       |       ||    70
         Tower shield      |       |    32 |   368 |    36 ||   436

Table legend: (Time is in decaauts)
 A = Elapsed time spent in this place.
 B = Non-inter-level travel time spent in this place.
 C = Inter-level travel time spent in this place.
 D = Time resting spent in this place.
 E = Time spent auto-exploring this place.
 F = Levels seen in this place.
 G = Mean time per level.
                   A        B        C        D        E       F      G
               +--------+--------+--------+--------+--------+-----+--------+
         Total |   8971 |   8728 |    243 |   3120 |   3887 |   9 |  996.8 |
       Dungeon |   8861 |   8633 |    228 |   3120 |   3811 |   8 | 1107.6 |
        Temple |    110 |     95 |     15 |      0 |     76 |   1 |  110.0 |
               +--------+--------+--------+--------+--------+-----+--------+

Top non-repeatable levels by time:
     D:6: 1790 daAuts
     D:5: 1505 daAuts
     D:7: 1318 daAuts
     D:1: 967 daAuts
     D:8: 937 daAuts
     D:2: 845 daAuts
     D:4: 814 daAuts
     D:3: 682 daAuts
  Temple: 110 daAuts
